 Dungeon Crawl Stone Soup version 0.29.1-12-g30fa7ad0bf (webtiles) character file.

Game seed: 10716662263657931811

196 mopl the Sneak (level 5, 0/38 HPs)
             Began as a Draconian Enchanter on Jan 6, 2023.
             Succumbed to Duvessa's poison
             ... on level 4 of the Dungeon.
             The game lasted 00:04:21 (3149 turns).

mopl the Sneak (Draconian Enchanter)                Turns: 3149, Time: 00:04:22

Health: 0/38       AC:  6    Str: 10    XL:     5   Next: 45%
Magic:  1/9        EV: 12    Int: 18    God:
Gold:   166        SH:  0    Dex: 11    Spells: 1/9 levels left

rFire   . . .      SeeInvis .   a - +1 dagger
rCold   . . .      Faith    .   (no shield)
rNeg    . . .      Spirit   .   (body armour unavailable)
rPois   .          Reflect  .   (helmet restricted)
rElec   .          Harm     .   (no cloak)
rCorr   .          Rampage  .   (no gloves)
Will    .....                   e - +0 pair of boots
Stlth   ++........              (no amulet)
HPRegen 0.12/turn               (no ring)
MPRegen 0.11/turn               (no ring)

@: lethally poisoned (0 -> -19), very slightly contaminated
A: AC +5, unfitting armour, cold-blooded
a: no special abilities


You were on level 4 of the Dungeon.
You visited 1 branch of the dungeon, and saw 4 of its levels.

You collected 166 gold pieces.

Inventory:

Hand Weapons
 a - a +1 dagger (weapon)
Missiles
 h - 4 poisoned darts
 l - 3 atropa-tipped darts
 s - 3 silver boomerangs
Armour
 e - a +0 pair of boots (worn)
Wands
 i - a wand of flame (12)
 t - a wand of paralysis (9)
Scrolls
 d - 3 scrolls of identify {unknown}
 j - a scroll of vulnerability {unknown}
 k - 3 scrolls of fog {unknown}
 m - a scroll of amnesia {unknown}
 n - a scroll of magic mapping {unknown}
 p - 2 scrolls of fear {unknown}
 q - a scroll of poison {unknown}
 r - 3 scrolls of immolation {unknown}
 v - 2 scrolls of teleportation {unknown}
 w - a scroll of summoning {unknown}
Potions
 b - 2 potions of invisibility
 c - 2 potions of haste {unknown}
 f - a potion of degeneration {unknown}
 g - a potion of flight {unknown}
 o - 2 potions of berserk rage {unknown}
 u - a potion of curing {unknown}


   Skills:
 + Level 1.9 Short Blades
 - Level 1.7 Dodging
 * Level 4.1 Stealth
 + Level 2.7 Spellcasting
 * Level 3.8 Hexes
 + Level 1.3 Ice Magic


You had one spell level left.
You knew the following spells:

 Your Spells              Type           Power      Damage    Failure   Level
b - Ensorcelled Hibernat  Hex/Ice        22%        N/A       9%          2
c - Confusing Touch       Hex            16%        N/A       11%         3
d - Tukima's Dance        Hex            16%        N/A       11%         3

Your spell library contained the following spells:

 Spells                   Type           Power      Damage    Failure   Level
 Necrotise                Necr           8%         1d4       17%         1
 Dazzling Flash           Conj/Hex       18%        N/A       22%         3
 Static Discharge         Conj/Air       2%         3-4/arc   26%         2
 Vampiric Draining        Necr           2%         2d6       45%         3
 Agony                    Necr           2%         N/A       99%         5
 Lightning Bolt           Conj/Air       1%         1d12      99%         5
 Maxwell's Capacitive Co  Air            1%         ∞         100%        8


Dungeon Overview and Level Annotations

Branches:
Dungeon (4/15)
 Temple: D:4-7

Altars:
Xom

Annotations:
D:2 Sigmund
D:4 Dowan, Duvessa


Innate Abilities, Weirdness & Mutations

Your plain brown scales are hard. (AC +5)
You cannot fit into any form of body armour.
You are cold-blooded and may be slowed by cold attacks.


Message History

Duvessa is moderately wounded.
Duvessa hits you with a +5 short sword of venom.
You are poisoned.
Casting: Ensorcelled Hibernation (safe; 9% risk of failure)
Confirm with . or Enter, or press ? or * to list all spells.
Aiming: Tukima's Dance (dangerous; 11% risk of failure)
Press: ? - help, Shift-Dir - straight line, f/p - Duvessa
Aim: Duvessa, wielding a +5 short sword of venom, wearing a +0 leather armour and carrying a wand of roots (6) (moderately wounded, chance to affect: 32%)
You miscast Tukima's Dance.
You are very lightly contaminated with residual magic.
Nothing appears to happen.
You feel sick.
Duvessa hits you with a +5 short sword of venom.
You are more poisoned.
Casting: Tukima's Dance (dangerous; 11% risk of failure)
Confirm with . or Enter, or press ? or * to list all spells.
Aiming: Tukima's Dance (dangerous; 11% risk of failure)
Press: ? - help, Shift-Dir - straight line, f/p - Duvessa
Aim: Duvessa, wielding a +5 short sword of venom, wearing a +0 leather armour and carrying a wand of roots (6) (moderately wounded, chance to affect: 32%) Duvessa easily resists.
You feel very sick.
Duvessa hits you with a +5 short sword of venom!
You are lethally poisoned!
Casting: Tukima's Dance (dangerous; 11% risk of failure)
Confirm with . or Enter, or press ? or * to list all spells.
You don't have enough magic to cast this spell.
Unknown command.
Okay, then.
Duvessa attacks as you move away!
Duvessa hits you with a +5 short sword of venom.
You are more poisoned.
You feel very sick.
Duvessa zaps a wand.
The roots erupt in riotous growth!
The grasping roots grab you! The grasping roots constrict you.
* * * LOW HITPOINT WARNING * * *
You escape the roots grasp.
* * * LOW HITPOINT WARNING * * *
You feel very sick.
There is a stone staircase leading up here.
Unknown command.
You die...

.....#####.......# ...###
#.......# ...# #.......#
...# #...)...# ### .###
####†######.. ..### #.#
... #...## #.# ##.# ###..#
#.###..# ##.# #.##@.#
#.### #.##.##
##...######..#e#
#............).#
#.##.#######.### .<#.##.#
#.### .......## ##...# ..
#
.#####..#####....#####.#..
#...................#


You could see Duvessa.

Vanquished Creatures
  An orc priest (D:3)
  3 gnolls
  4 adders
  3 worms
  3 dart slugs
  6 orcs
  8 endoplasms
  5 giant cockroaches
  7 goblins
  9 hobgoblins
  5 jackals
  9 kobolds
  4 ball pythons
  4 bats (D:1)
  3 frilled lizards
  5 rats
79 creatures vanquished.

Notes
Turn   | Place    | Note
-------+----------+-------------------------------------------
     0 | D:1      | mopl the Draconian Enchanter began the quest for the Orb.
     0 | D:1      | Reached XP level 1. HP: 14/14 MP: 3/3
    84 | D:1      | Reached XP level 2. HP: 13/20 MP: 5/5
   382 | D:1      | Learned a level 2 spell: Ensorcelled Hibernation
   514 | D:1      | Reached skill level 3 in Stealth
   514 | D:1      | Reached skill level 3 in Hexes
   831 | D:1      | Found a faded altar of an unknown god.
   865 | D:1      | Reached XP level 3. HP: 20/26 MP: 6/6
  1182 | D:2      | Learned a level 3 spell: Confusing Touch
  1563 | D:2      | Identified the +2 robe of the Cockroach {rC+ rN++}
  1742 | D:2      | Reached XP level 4. HP: 31/33 MP: 7/7
  1780 | D:2      | Noticed Sigmund
  1950 | D:2      | Found a shimmering altar of Xom.
  2279 | D:2      | Reached skill level 1 in Ice Magic
  2505 | D:3      | Reached XP level 5. HP: 18/38 MP: 3/8
  2793 | D:3      | Learned a level 3 spell: Tukima's Dance
  2880 | D:3      | Reached skill level 4 in Stealth
  3112 | D:4      | Noticed Duvessa
  3112 | D:4      | Noticed Dowan
  3149 | D:4      | Succumbed to Duvessa's poison

Illustrated notes

Levels and vault maps discovered:
D:1:      lemuel_arrival_hallway, layout_basic,
          shapermc_ecumenical_altar_notcrosses, minmay_tall_x
D:2:      kb_forest_paths, layout_basic, basic_altar, uniq_sigmund
D:3:      layout_rooms, nicolae_titane
D:4:      layout_rooms, grunt_qazlal_sundering, minmay_manual_macuahuitl,
          uniq_natasha, uniq_duvessa

Skill      XL: |  1  2  3  4  5 |
---------------+----------------+-----
Stealth        | 3 4 |  4.1
Hexes          | 3 |  3.8
Ice Magic      | 1 |  1.3
Short Blades   | |  1.9
Dodging        | |  1.7
Spellcasting   | |  2.7

Action                   |  1- 3 |  4- 6 || total
-------------------------+-------+-------++-------
Melee: Dagger            |   156 |   100 ||   256
       Tailslap          |    25 |    14 ||    39
       Punch             |     3 |     2 ||     5
 Cast: Ensorcelled Hiber |     2 |    14 ||    16
       Tukima's Dance    |       |     1 ||     1
 Stab: Sleeping          |     7 |    14 ||    21
Armor: Skin              |    37 |    19 ||    56
Dodge: Dodged            |    75 |    60 ||   135
